Workbook

Sheet CARATULA
B2: ESTADOS FINANCIEROS CONSOLIDADO CADIEM CASA DE BOLSA S.A. s/ Res. N° 30/2021

Sheet ÍNDICE
B2: INDICE
B4: INFORMACIÓN GENERAL DE LA ENTIDAD | C4: 01
B5: BALANCE GENERAL | C5: 02
B6: ESTADO DE RESULTADO | C6: 03
B7: NOTAS A LOS ESTADOS CONTABLES (NOTA 1 a NOTA 4) | C7: 04
B8: NOTAS A LOS ESTADOS CONTABLES NOTA 5 (INCISO A a I) | C8: 05
B9: NOTAS A LOS ESTADOS CONTABLES NOTA 5 (INCISO K a V) | C9: 06
B10: NOTAS A LOS ESTADOS CONTABLES (NOTA 6 a NOTA 12) | C10: 07
B11: CARTERA DE INVERSIONES - ANEXO I | C11: 08
B12: BIENES DE USO - ANEXO II | C12: 09
B13: INTAGIBLES - ANEXO III | C13: 10

Sheet 01
J1: Índice
B2: INFORMACIÓN GENERAL DE LA ENTIDAD
B3: Información al 31/12/2022
B4: 1. IDENTIFICACIÓN
B6: Razón Social: | E6: Cadiem Casa de Bolsa S.A.
B7: Registro CNV: | E7: N° 017 según Res. N° 754/04
B8: Código Bolsa: | E8: N° 017 según Res N° 524/04
B9: Dirección Oficina Principal: | E9: Quesada N° 4926 Edif. Atlas Center Piso 6i
B10: Teléfono: | E10: (021) 610-720
B11: E-mail: | E11: cadiem@cadiem.com.py
B12: Sitio Página Web: | E12: www.cadiem.com.py
B13: Domicilio Legal: | E13: Quesada N° 4926 Edif. Atlas Center Piso 6i
B15: 2. ANTECEDENTES DE CONSTITUCIÓN DE LA SOCIEDAD
B17: Escritura N°: 334 Fecha: 12/11/2003 Inscripción en Registro Público: N° 03, Serie C, Folio 28 y sgtes. Sección Contratos Fecha: 07/01/2004; Escritura N°: 001 Fecha: 02/01/2007 Inscripción en Registro Público: N° 291, Serie E, Folio 2581 y sgtes. Sección Contratos Fecha: 17/04/2007; Escritura N°: 878 Fecha: 24/10/211 Inscripción en Registro Público: N° 28, Serie F, Folio 220 y sgtes. Fecha: 06/04/2012; Escritura N°: 1486 Fecha: 28/11/2014 Inscripción en Registro Público: N° 164. Serie I, Folio 2153 Fecha: 16/02/2015; Escritura N°: 455 Fecha: 02/06/2017 Inscripción en Registro Público: N° 1. Serie Comercial, Folio 1/15 Fecha: 17/08/2017, reingreso 19/09/2017.
B21: 3. Administración
B23: CARGO | E23: NOMBRE Y APELLIDO
B24: Representantes Legales
B25: Presidente | E25: Elías Miguel Gelay
B26: Vice-presidente | E26: César Paredes Franco
B27: Director | E27: Gloria Ayala Person
B28: Sindico | E28: Juana Galeano
B29: Plana Ejecutiva
B30: Gerente Administrativo | E30: Myriam Celeste Silva
B31: Gerente Comercial | E31: Natalia Trinidad
B32: Gerente de Estructuraciones | E32: Viviana Cabrera
B33: Gerente de Tecnología de la Información | E33: Roberto Acosta
B34: Auditoría Interna | E34: Jessica Díaz
B35: Contador | E35: Jorge Ugarte
B37: 4. CAPITAL Y PROPIEDAD
B39: El capital social se fija en Gs. 60.000.000.000 según Acta de Asamblea N° 34 de fecha 25/03/2022, distribuido en 60.000 acciones nominativas con Valor Nominal Gs. 1.000.000, de Clase Ordinaria Voto Múltiple (OVM) Ordinaria Simple (OS) y Preferidas.
B41: Capital Emitido | E41: Gs. 60.000.000.000
B42: Capital Suscripto | E42: Gs. 44.797.000.000
B43: Capital Integrado | E43: Gs. 35.629.000.000
B44: Valor Nominal | E44: Gs. 1.000.000
B47: 5. AUDITOR EXTERNO INDEPENDIENTE
B49: Nombre: | D49: Amaral & Asociados
B50: Registro CNV: | D50: AE 023
B51: Dirección: | D51: 25 de Mayo N° 1894 esq. Gral. Aquino
B52: Teléfono: | D52: 202-760
B54: 6. PERSONAS Y EMPRESAS VINCULADAS
B56: 6.1 Vinculada Controlada
B57: Denominación: | E57: Cadiem A.F.P.I.S.A.
B58: Dirección: | E58: Quesada N° 4926 Edif. Atlas Center Piso 6i
B59: Actividad Principal: | E59: Administradora de Fondos de Inversión
B60: Participación dentro del Capital: | E60: 0.819
B61: Votos: | E61: 0.819
B62: 6.2 Personas Vinculadas
B63: Elías Miguel Gelay: | D63: Presidente con el 21,56% de los Votos - 12,21% del Capital
B64: César Paredes Franco: | D64: Vice-Presidente con el 21,56% de los Votos – 12,21% del Capital
B65: Gloria Ayala Person: | D65: Director con el 21,56% de los Votos – 12,34 % del Capital
B66: Liliana Meza: | D66: Accionista con el 21,52% de los Votos – 12,25 % del Capital
B67: Juana Pabla Galeano: | D67: Síndico
B68: Myriam Celeste Silva: | D68: Gte. Administrativo
B69: Natalia Trinidad: | D69: Gte. Comercial
B70: Roberto Acosta: | D70: Gte. Tecnología de la Información
B71: Viviana Cabrera: | D71: Gte. Estructuraciones
B72: Jorge Ugarte | D72: Contador
B73: Jessica Pamela Díaz: | D73: Auditor Interno

Sheet 02
A1: Índice
B2: CADIEM CASA DE BOLSA S.A.
B3: BALANCE GENERAL CONSOLIDADO
B4: Correspondiente al 31/12/2022, presentado en forma comparativa con el ejercicio cerrado al 31/12/2021
B5: EN GUARANIES
B7: ACTIVO | C7: Nota | D7: 44926 | E7: 44561 | F7: PASIVO | G7: Nota | H7: =+D7 -> 44926 | I7: =+E7 -> 44561
B8: Activo Corriente | F8: Pasivo Corriente
B9: Disponibilidades | C9: 5.D | D9: 5546833519 | E9: 3904496307 | F9: Documentos y Cuentas por Pagar | G9: 5.H | H9: 201704896 | I9: 165092593
B10: Inversiones Temporarias | C10: Anexo I | D10: 215667591262 | E10: 70810880698 | F10: Préstamos Financieros | G10: 5.G | H10: 177178032536 | I10: 35598040239
B11: Créditos | C11: 5.E | D11: 3022997598 | E11: 4602336035 | F11: Otros Pasivos | G11: 5.I | H11: 1279388297 | I11: 3624865923
B12: Otros Activos | C12: 5.F | D12: 1593106165 | E12: 565670273 | F12: Acreedores por Intermediación | G12: 5.H | H12: 2015521047 | I12: 1571596790
B13: TOTAL ACTIVO CORRIENTE | D13: =SUM(D9:D12) -> 225830528544 | E13: =SUM(E9:E12) -> 79883383313 | F13: TOTAL PASIVO CORRIENTE | H13: =SUM(H9:H12) -> 180674646776 | I13: =SUM(I9:I12) -> 40959595545
F14: TOTAL PASIVO | H14: =+H13 -> 180674646776 | I14: =+I13 -> 40959595545
B15: Activo No Corriente | F15: Patrimonio Neto
B16: Inversiones Permanentes | C16: Anexo I | D16: 5276608750 | E16: 2157655375 | F16: Capital | H16: 38471700000 | I16: 26270100000
B17: Bienes de Uso | C17: Anexo II | D17: 1540790116 | E17: 1705782525 | F17: Valuación Acción BVA | H17: 987500000 | I17: 885500000
B18: Activos Intangibles | C18: Anexo III | D18: 366785765 | E18: 410632226 | F18: Reserva | H18: 2.5832658e+09 | I18: 1858610926
B19: Otros Activos No Corrientes | C19: 5.F | D19: 114642473 | E19: 107637124 | F19: Resultado | H19: 10412243077 | I19: 14291284092
B20: TOTAL ACTIVO NO CORRIENTE | D20: =SUM(D16:D19) -> 7298827104 | E20: =SUM(E16:E19) -> 4381707250 | F20: Total Patrimonio Neto | H20: =SUM(H16:H19) -> 5.2454709e+10 | I20: =SUM(I16:I19) -> 43305495018
B22: TOTAL ACTIVO | D22: =+D13+D20 -> 233129355648 | E22: =+E13+E20 -> 84265090563 | F22: TOTAL PASIVO Y PATRIMONIO NETO | H22: =+H20+H14 -> 2.3312936e+11 | I22: =+I20+I14 -> 84265090563
B25: CUENTA DE ORDEN | C25: Nota | D25: =+D7 -> 44926 | E25: =+E7 -> 44561 | F25: Cuenta de Orden | G25: Nota | H25: =+D25 -> 44926 | I25: =+E25 -> 44561
B26: Deudores Crédito Gs. | C26: 12 | D26: 513957103830 | E26: 676401013521 | F26: Acreedor Gs. | G26: 12 | H26: =+D26 -> 513957103830 | I26: =+E26 -> 676401013521
B27: Deudores Crédito USD | D27: 33718191 | E27: 55382300 | F27: Acreedor USD | H27: =+D27 -> 33718191 | I27: =+E27 -> 55382300
B28: Contratos Forward - Valor USD | D28: 2000000 | E28: 1500000 | F28: Acreedor USD | H28: =+D28 -> 2000000 | I28: =+E28 -> 1500000
B30: Las 12 notas - Anexo I - Anexo II - Anexo III - Anexo de Capital que acompañan forman parte integral de los estados financieros.

Sheet 03
A1: Índice
B2: CADIEM CASA DE BOLSA S.A.
B3: ESTADO DE RESULTADO
B4: Correspondiente al 31/12/2022, presentado en forma comparativa con el ejercicio cerrado al 31/12/2021
B5: EN GUARANIES
B7: CONCEPTO | C7: Nota | D7: 44926 | E7: 44561
B9: INGRESOS OPERATIVOS | D9: =SUM(D10:D16) -> 38713020930 | E9: =SUM(E10:E16) -> 46394763137
B10: Comisiones por Operación en Rueda | D10: 4033402649 | E10: 4153652277
B11: Ingresos por Administración de Fondos | D11: 31306696659 | E11: 28067720872
B12: Ingresos por Asesoría Financiera | D12: 1356768828 | E12: 1682134588
B13: Ingresos por Intereses y Dividendos de Cartera Propia | D13: 6789501456 | E13: 8051421244
B14: Ingresos con Personas Relacionadas | D14: 0 | E14: 0
B15: Operación por Venta de Cartera Propia | D15: -5902731586 | E15: 3371259222
B16: Otros Ingresos Operativos | C16: 5.J | D16: 1129382924 | E16: 1068574934
B18: GASTOS OPERATIVOS | D18: =SUM(D19:D21) -> 13380770414 | E18: =SUM(E19:E21) -> 15927895892
B19: Gastos por Comisiones y Servicios | D19: 5277650804 | E19: 6904223747
B20: Arancel y Fondo de Garantía | D20: 1175638595 | E20: 1097930380
B21: Otros Gastos Operativos | C21: 5.K | D21: 6927481015 | E21: 7925741765
B22: RESULTADO OPERATIVO BRUTO | D22: =+D9-D18 -> 25332250516 | E22: =+E9-E18 -> 30466867245
B24: GASTOS DE COMERCIALIZACIÓN | D24: =SUM(D25:D26) -> 1670838428 | E24: =SUM(E25:E26) -> 1224528913
B25: Publicidad | D25: 416109485 | E25: 692457025
B26: Otros Gastos de Comercialización | C26: 5.K | D26: 1254728943 | E26: 532071888
B28: GASTOS DE ADMINISTRACIÓN | D28: =SUM(D29:D37) -> 12729041761 | E28: =SUM(E29:E37) -> 13786356184
B29: Servicios Personales | D29: 8999279179 | E29: 10481341012
B30: Previsión, Amortización y Depreciaciones | D30: 513089855 | E30: 478424876
B31: Mantenimiento | D31: 69262310 | E31: 39898993
B32: Alquileres | D32: 1058839713 | E32: 778013100
B33: Gastos Generales | D33: 343907972 | E33: 323797391
B34: Seguros | D34: 14936740 | E34: 14441680
B35: Multas | D35: 1132887 | E35: 2913567
B36: Impuestos, Tasas y Contribuciones | D36: 72880730 | E36: 46342851
B37: Otros Gastos de Administración | C37: 5.K | D37: 1655712375 | E37: 1621182714
B38: RESULTADO OPERATIVO NETO | D38: =+D22-D24-D28 -> 10932370327 | E38: =+E22-E24-E28 -> 15455982148
B40: RESULTADOS FINANCIEROS | D40: =+D41+D42 -> 540987119 | E40: =+E41+E42 -> 336438704
B41: Generados por Activos | D41: 3439507147 | E41: 759613552
B42: Generados por Pasivos | D42: -2898520028 | E42: -423174848
B44: UTILIDAD O (PERDIDA) | D44: =+D38+D40 -> 11473357446 | E44: =+E38+E40 -> 15792420852
B45: IMPUESTO A LA RENTA | D45: 1061114369 | E45: 1501136760
B46: RESULTADO DEL EJERCICIO | D46: =+D44-D45 -> 10412243077 | E46: =+E44-E45 -> 14291284092
B48: Las 12 notas - Anexo I - Anexo II - Anexo III - Anexo de Capital que acompañan forman parte integral de los estados financieros.
D50: =+D46-'02'!H19 -> 0

Sheet 04
A1: Índice
B2: CADIEM CASA DE BOLSA S.A.
B3: Notas a los Estados Contables al 31 de diciembre de 2022
B5: Nota 1 – Consideración de los Estados Contables.
B7: Los estados contables fueron aprobados por Acta de Directorio N° 205 de fecha 15/02/2023 sin ninguna observación que mencionar.
B8: Nota 2 - Información básica de la empresa
B10: 2.1 Naturaleza Jurídica de las actividades de la sociedad
B11: CADIEM Casa de Bolsa S.A. tiene por objeto efectuar todas las actividades, operaciones y servicios que sean compatibles con la actividad de intermediación en el mercado de valores y cualquier otra actividad permitida que previamente, de manera general, lo autorice la Comisión Nacional de Valores. Fue constituida por Escritura Pública Nro. 334, de fecha 12.11.2003, pasada ante la Escribana Pública Katia Ayala Ratti, e inscripta en los Registros Públicos de Personas Jurídicas y Asociaciones, en fecha 23.12.2003. Modificación de Estatutos: Primera modificación: En el Registro Público de Comercio No.291, Serie E, Folio 2581 y sgtes, por Escritura Pública No. 1 del 02.01.2007, Folio 2 y sgtes, pasada por el Escribano Luis Enrique Peroni. Segunda modificación: En el Registro Público de Comercio Número 688, Serie G, folio 5942 del 23/12/2011. Tercera modificación: En el Registro Público de Comercio Número 147, Serie E, folio 1652 y sgtes de fecha 16/02/2015. Cuarta modificación: En el Registro Público de Comercio Número 1, Serie Comercial, folio 1/15 de fecha 17/08/2017, reingreso 19/09/2017. Habilitada por la Comisión Nacional de Valores para operar como Intermediaria en el Mercado de Valores, llevando la Nomenclatura CB (Casa de Bolsa) seguido de la numeración 017, por Resolución No. 754/04 Acta No. 04/04 de fecha 19.01.2004, e igualmente inscripta en la Bolsa de Valores y Productos de Asunción S.A. por Resolución No. 524/04 de fecha 26.01.2004.
B26: Nota 3 - Principales políticas y prácticas contables aplicadas
B28: 3.1 Base de Preparación de los Estados Contables Consolidados
B30: Los estados financieros consolidados por el ejercicio finalizado el 31 de diciembre de 2022 han sido preparados de acuerdo con las Normas emitidas por el Consejo de Contadores Públicos del Paraguay y se presentan en Guaraníes. Los estados financieros consolidados comprenden los estados financieros de la Sociedad y su controlada al 31 de diciembre de cada año. Los estados financieros de la controlada son elaborados al mismo período y aplican las políticas contables consistentes. Todos los saldos, ingresos y costos, ganancias y pérdidas mantenidos entre sí han sido eliminados.
B34: 3.2 Criterio de Valuación
B36: Los estados financieros fueron preparados utilizando como principal criterio de valuación el costo histórico, con las excepciones que se mencionan en los siguientes numerales de esta nota.
... B74: A la fecha del informe no existen cambios de políticas y procedimientos que comunicar en relación con el periodo anterior ni al periodo comparado

Sheet 05
A1: Índice
B2: CADIEM CASA DE BOLSA S.A.
B3: =+'04'!B3 -> Notas a los Estados Contables al 31 de diciembre de 2022
B5: Nota 5 – Criterios específicos de valuación
B7: A) Valuación en Moneda Extranjera
B8: CONCEPTO | C8: 44926 | D8: 44834 | E8: 44561
B9: Tipo de cambio comprador | C9: 7322.9 | D9: 7078.87 | E9: 6870.81
B10: Tipo de cambio vendedor | C10: 7339.62 | D10: 7090.2 | E10: 6887.4
B12: B) Posición en Moneda Extranjera
B14: DETALLE | C14: Moneda Extranjera Clase | D14: Moneda Extranjera Monto | E14: Cambio al | F14: Saldo al | G14: Cambio al | H14: Saldo al
E15: =+'02'!D7 -> 44926 | F15: =+E15 -> 44926 | G15: =+'02'!I7 -> 44561 | H15: =+G15 -> 44561
B16: ACTIVO
B17: Activo Corriente
B18: Disponibilidades | C18: USD | D18: 245988.48 | E18: 7322.9 | F18: 1801349012 | G18: 6870.81 | H18: 1939506745
B19: Créditos | C19: USD | D19: 280384.55 | E19: 7322.9 | F19: 2053228021 | G19: 6870.81 | H19: 1527331731
B20: Inversiones | C20: USD | D20: 9680312.8 | E20: 7322.9 | F20: 70887962969 | G20: 6870.81 | H20: 16396309013
B21: Otros Activos | C21: USD | D21: 194885.16 | E21: 7322.9 | F21: 1427124532 | G21: 6870.81 | H21: 103728530
B22: Total Activo | D22: =SUM(D18:D21) -> 10401571
B23: PASIVO
B24: Pasivo Corriente
B25: Deudas Diversas | C25: USD | D25: 47512.621 | E25: 7339.62 | F25: 348724586 | G25: 6887.4 | H25: 0
B26: Acreedores por Intermediación | C26: USD | D26: 137361.59 | E26: 7339.62 | F26: 1008181903 | G26: 6887.4 | H26: 0
B27: Deudas Financieras | C27: USD | D27: 7373534.8 | E27: 7339.62 | F27: 54118943635 | G27: 6887.4 | H27: 6937253481
B28: Total Pasivo | D28: =SUM(D25:D27) -> 7558409
B30: POSICIÓN NETA | D30: =+D22-D28 -> 2843162
B32: C) Diferencia de Cambio en Moneda Extranjera
B34: Concepto | E34: Tipo de Cambio | F34: Monto Ajustado | G34: Tipo de Cambio | H34: Monto Ajustado
E35: =+'03'!D7 -> 44926 | F35: =+E35 -> 44926 | G35: =+'03'!E7 -> 44561 | H35: =+G35 -> 44561
B36: Ganancia por Valuación de Activos Monetarios en Moneda Extranjera | E36: 7322.9 | F36: 5736978782 | G36: 6870.81 | H36: 3093556782
B37: Ganancia por Valuación de Pasivos Monetarios en Moneda Extranjera | E37: 7339.62 | F37: 275790357 | G37: 6887.4 | H37: 1189004187
B38: Pérdida por Valuación de Activos Monetarios en Moneda Extranjera | E38: 7322.9 | F38: -3188950635 | G38: 6870.81 | H38: -2339718215
B39: Pérdida por Valuación de Pasivos Monetarios en Moneda Extranjera | E39: 7339.62 | F39: -2282831385 | G39: 6887.4 | H39: -1606404089
B41: TOTAL | F41: =SUM(F36:F39) -> 540987119 | H41: =SUM(H36:H39) -> 336438665
B43: D) Disponibilidades: La cuenta disponibilidades está compuesta por valores de Cuenta Propia y valores de Cuentas Compensadoras, que de detallan a continuación.
B46: Banco Cuenta Propia Gs. | C46: =+'02'!D7 -> 44926 | D46: =+'02'!E7 -> 44561
B47: Banco Itaú Paraguay S.A. | C47: 2094358781 | D47: 354902470
B48: Banco GNB Paraguay S.A. | C48: 158102069 | D48: 24866700
B49: Banco Continental S.A.E.C.A. | C49: 10394459 | D49: 5000000
B50: Banco Regional S.A.E.C.A. | C50: 10000000 | D50: 10000000
B51: Banco Atlas S.A. | C51: 10000000 | D51: 10000000
B52: Bancop S.A. | C52: 10000000 | D52: 10000000
B53: Banco Visión S.A.E.C.A. | C53: 5000000 | D53: 5000000
B54: Banco BASA S.A. | C54: 5000000 | D54: 5000000
B55: Caja Chica | C55: 2500000 | D55: 2000000
B56: Financiera UENO S.A.E.C.A. | C56: 686 | D56: 228253066
B57: Bancos Varios Gs. | C57: 63622455 | D57: 73201873
B58: Sub-Total Cuenta Propia | C58: =SUM(C47:C57) -> 2368978450 | D58: =SUM(D47:D57) -> 728224109
B60: Banco Cuenta Propia USD | C60: =+C46 -> 44926 | D60: =+D46 -> 44561
B61: Banco Itaú Paraguay S.A.. | C61: 136831316 | D61: 209113927
B62: Banco Continental S.A.E.C.A.. | C62: 73912519 | D62: 34354050
B63: Banco Familiar S.A.E.C.A. | C63: 36615965 | D63: 34354050
B64: Visión Banco S.A.E.C.A.. | C64: 36614500 | D64: 34354050
B65: Banco Atlas S.A.. | C65: 36614500 | D65: 34354050
B66: Sudameris Bank S.A.E.C.A.. | C66: 36614500 | D66: 34354050
B67: Banco Morgan Stanley | C67: 30712169 | D67: 28808482
B68: Banco GNB Paraguay S.A.. | C68: 24136909 | D68: 6870810
B69: Interfisa Banco S.A.E.C.A. | C69: 21968700 | D69: 20612430
B70: Banco Nacional de Fomento | C70: 21968700 | D70: 24944201
B71: Banco Rio | C71: 13619642 | D71: 5491083
B72: Banco BASA S.A.. | C72: 7322973 | D72: 6870879
... B76: Bancos Varios USD | C76: 50623281 | D76: 58440705
B77: Sub-Total Cuenta Propia USD | C77: =SUM(C61:C76) -> 537218387 | D77: =SUM(D61:D76) -> 704735203
B79: Cuenta Compensadora | C79: =+C60 -> 44926 | D79: =+D60 -> 44561
B80: Banco Itaú Paraguay S.A. Gs. | C80: 1376506057 | D80: 1032311997
B81: Banco Itaú Paraguay S.A. USD | C81: 1264130625 | D81: 1439224998
B82: Sub-Total Cuenta Compesadora | C82: =SUM(C80:C81) -> 2640636682 | D82: =SUM(D80:D81) -> 2471536995
B84: TOTAL DISPONIBILIDADES | C84: =+C58+C77+C82 -> 5546833519 | D84: =+D58+D77+D82 -> 3904496307
B86: E) Créditos
B88: Deudores por Intermediación: La composición es la siguiente
B90: CONCEPTO | C90: =+C46 -> 44926 | D90: =+D46 -> 44561
B91: Administración de Fondos | C91: 2671480484 | D91: 4391845865
B92: Deudores por Operación | C92: 265970464 | D92: 177836161
B93: Comisión Colocación de Títulos | C93: 42501650 | D93: 0
B94: Servicios Financieros | C94: 37750000 | D94: 10849009
B95: Representación Obligacionista | C95: 4015000 | D95: 13055000
B96: Mantenimiento Bursátil | C96: 1100000 | D96: 0
B97: Anticipo Proveedores | C97: 180000 | D97: 0
B98: Gestión Adm. y Reestructuración | C98: 0 | D98: 8750000
B99: TOTAL | C99: =SUM(C91:C98) -> 3.0229976e+09 | D99: =SUM(D91:D98) -> 4.602336e+09
B101: F) Otros Activos Corrientes y No Corrientes: La composición es la siguiente
B103: OTROS ACTIVOS CORRIENTES
B104: CONCEPTO | C104: =+C90 -> 44926 | D104: =+D90 -> 44561
B105: Crédito Fiscal | C105: 613558313 | D105: 276959914
B106: Créditos al Personal | C106: 448089500 | D106: 134327681
B107: Anticipo Impuesto a la Renta | C107: 443356661 | D107: 0
B108: Gastos a Rendir | C108: 80795817 | D108: 146882678
B109: Anticipo Proveedores | C109: 7305874 | D109: 7500000
B110: TOTAL | C110: =SUM(C105:C109) -> 1593106165 | D110: =SUM(D105:D109) -> 565670273
B112: OTROS ACTIVOS NO CORRIENTES
B113: CONCEPTO | C113: =+C104 -> 44926 | D113: =+D104 -> 44561
B114: Garantía de Alquiler | C114: 110306982 | D114: 103728530
B115: Gastos a Devengar | C115: 4335491 | D115: 3908594
B116: TOTAL | C116: =SUM(C114:C115) -> 114642473 | D116: =SUM(D114:D115) -> 107637124
B118: G) Préstamos Financieros (corto y largo plazo)
B120: Préstamos Financieros: Préstamos a Corto Plazo
B122: Nombre | C122: =+C113 -> 44926 | D122: =+D113 -> 44561
B123: Préstamos Gs
B124: Banco Itaú Paraguay S.A. | C124: 40000000000 | D124: 10000000000
B125: Banco Continental S.A.E.C.A. | C125: 30000000000 | D125: 0
B126: Intereses a Pagar | C126: 2385539730 | D126: 96575344
...

Sheet 06
A1: Índice
B2: CADIEM CASA DE BOLSA S.A.
B3: =+'05'!B3 -> Notas a los Estados Contables al 31 de diciembre de 2022
B5: Nota 5 – Criterios específicos de valuación
B7: H) Documentos y Cuentas por Pagar (corto y largo plazo)
B9: Acreedores Varios: La composición es la siguiente
B11: CONCEPTO | C11: =+'05'!C46 -> 44926 | D11: =+'05'!D46 -> 44561
B12: Servicios a Pagar Gs. | C12: 174077906 | D12: 165092593
B13: Servicios a Pagar USD | C13: 27626990 | D13: 0
B14: TOTAL | C14: =SUM(C12:C13) -> 201704896 | D14: =SUM(D12:D13) -> 165092593
B16: Acreedores Por Operación: La composición es la siguiente
B18: CONCEPTO | C18: =+C11 -> 44926 | D18: =+D11 -> 44561
B19: Intermediación Negociación de Títulos | C19: 1628528342 | D19: 1571596790
B20: Acreedores Vto Títulos | C20: 386992705 | D20: 0
B21: TOTAL | C21: =SUM(C19:C20) -> 2015521047 | D21: =SUM(D19:D19) -> 1571596790
B23: I) Otros Pasivos Corrientes y No Corrientes: La composición es la siguiente
B25: Pasivo Corriente
B26: CONCEPTO | C26: =+C11 -> 44926 | D26: =+D11 -> 44561
B27: Impuestos | C27: 431611535 | D27: 1061793644
B28: Forward | C28: 381860000 | D28: 10485000
B29: Anticipo de Cliente | C29: 284736852 | D29: 55256329
B30: Aporte Patronal | C30: 145956639 | D30: 166992272
B31: Tarjeta de Crédito | C31: 32363636 | D31: 22034957
B32: Prov. p/ Pago de Gratificaciones | C32: 2859635 | D32: 2308303721
B33: TOTAL | C33: =SUM(C27:C32) -> 1279388297 | D33: =SUM(D27:D32) -> 3624865923
B35: J) Ingresos Operativos
B37: Otros Ingresos Operativos
B38: CONCEPTO | C38: =+'03'!D7 -> 44926 | D38: =+'03'!E7 -> 44561
B39: Aranceles y Fondo de Garantía | C39: 439705810 | D39: 351992415
B40: Ingresos Varios por Asesoría. | C40: 404028836 | D40: 307786361
B41: Ingresos Operativos Varios | C41: 164592356 | D41: 347348353
B42: Intereses Cobrados | C42: 65255922 | D42: 14647805
B43: Servicios de Representación | C43: 55800000 | D43: 46800000
B44: TOTAL | C44: =SUM(C39:C43) -> 1129382924 | D44: =SUM(D39:D43) -> 1068574934
B46: K) Otros Gastos Operativos, de Comercialización y de Administración
B48: Otros Gastos Operativos
B49: CONCEPTO | C49: =+C38 -> 44926 | D49: =+D38 -> 44561
B50: Intereses y Gastos Op Repo | C50: 6556919342 | D50: 7638980756
B51: Honorarios | C51: 212515003 | D51: 156047910
B52: Otros Gastos Operativos | C52: 89941422 | D52: 57619792
B53: Gastos Bursátiles | C53: 43269396 | D53: 42604409
B54: Fondo de Garantía - Aranceles | C54: 18024306 | D54: 24548857
B55: Aranceles CNV-SEPRELAD | C55: 6811546 | D55: 5940041
B56: TOTAL | C56: =SUM(C50:C55) -> 6927481015 | D56: =SUM(D50:D55) -> 7925741765
B58: Otros Gastos de Comercialización
B59: CONCEPTO | C59: =+C49 -> 44926 | D59: =+D49 -> 44561
B60: Fidelización | C60: 1143946995 | D60: 264896064
B61: Gastos de Viaje | C61: 76166342 | D61: 52581171
B62: Gastos Varios de Comercialización | C62: 17859564 | D62: 194372359
B63: Gastos de Consumición | C63: 16756042 | D63: 20222294
B64: TOTAL | C64: =SUM(C60:C63) -> 1254728943 | D64: =SUM(D60:D63) -> 532071888
B66: Otros Gastos de Administración
B67: CONCEPTO | C67: =+C59 -> 44926 | D67: =+D59 -> 44561
B68: Gastos Varios de Administración | C68: 643959919 | D68: 399217659
B69: Gastos al Personal | C69: 587087441 | D69: 609672450
B70: Honorarios | C70: 297192432 | D70: 271751257
B71: Gastos Varios | C71: 82339250 | D71: 182623632
B72: Donaciones | C72: 45133333 | D72: 157917716
B73: TOTAL | C73: =SUM(C68:C72) -> 1655712375 | D73: =SUM(D68:D72) -> 1621182714

Sheet 07
A1: Índice
B2: CADIEM CASA DE BOLSA S.A.
B3: =+'06'!B3 -> Notas a los Estados Contables al 31 de diciembre de 2022
B5: Nota 6 – Información Referente a Contingencias y Compromisos
B7: A) Compromisos Directos: Al 31 de diciembre del 2022 no existen compromisos directos relevantes que informar o detallar en la presente nota.
B9: B) Contingencias Legales: La empresa no cuenta con juicios ni otras acciones que comprometa a la libre disponibilidad de sus bienes ni al libre desarrollo de sus actividades comerciales.
B11: C) Garantías Constituidas: La empresa cuenta con un Seguro de Caución “Desempeño de una Actividad o Profesión”, Póliza N°.: 007.1514.002210/000 con la Consolidada S.A. de Seguros vigente desde 05/07/2022 al 05/07/2023, por valor de Gs. 637.576.750-
B14: Nota 7 – Hechos posteriores al Cierre del Ejercicio:
B16: Entre la fecha de cierre del trimestre y la fecha de emisión de estos estados financieros, no han ocurrido otros hechos significativos de carácter financiero o de otra índole que afecten la situación patrimonial y financiera o los resultados de la Sociedad.
B19: Nota 8 – Limitación a la libre disponibilidad de los activos o del patrimonio y cualquier restricción al derecho de propiedad.
B21: La empresa no cuenta con ningún tipo de limitación a libre disposición de los activos o de patrimonio, tampoco existe restricciones al derecho de la propiedad.
B23: Nota 9 – Cambios Contables
B25: No se incurrió a ningún cambio en el procedimiento en la aplicación contable y/o estimación contable en referencia a los estados contables anteriores al presente.
B27: En relación a la preparación del estado financiero, se modificó y reagrupó las cuentas que componen el BBGG, EERR y sus respectivas notas del ejercicio 2021 para una mejor comparación con el ejercicio cerrado 2022.
B30: Nota 10 – Restricciones para distribución de Utilidades
... B41: Los montos expuestos de las cuentas de orden como parte de la información de los estados contables corresponden a: -Títulos de Capital y Cupones de Intereses de Certificados de Depósitos de Ahorro, Acciones y Pagarés. Estos valores se encuentran resguardados en la caja fuerte de una entidad bancaria. -Forward por Dólares Americanos 2.000.000 con el Sudameris Bank S.AE.C.A. con fecha inicio 30/09/2022 y fin 29/12/2022 a un tipo de cambio final de Gs 7.155,00 cada USD 1

Sheet 08
A1: Índice
B2: ANEXO I
B3: CADIEM CASA DE BOLSA S.A.
B4: Cartera de Inversiones al 31/12/2022 comparativo al 31/12/2021
B6: El detalle siguiente es la composición de la cartera al cierre del ejercio 2022, la cartera se expone como corriente ya que constituye títulos disponible para la venta. Al cierre de ejercicio 2022 la cartera esta concentrada en grupos ecónomicos de la siguente manera; Grupo Cartes 28,60%, Grupo Vazquez 51,15% con relación al patrimonio consolidado.
B10: EMISOR | C10: Grupo | D10: TIPO DE TÍTULO | E10: VALOR NOMINAL UNITARIO | F10: VALOR CONTABLE
B11: Inversiones Temporarias
B12: BIOTEC DEL PARAGUAY S.A. | C12: - | D12: Bono | E12: 1000000 | F12: 14939641
B13: SACI H. PETERSEN | C13: - | D13: Bono | E13: 1000000 | F13: 20061479800
B14: LCR S.A.E.C.A. (Credicentro SAECA) | C14: Grupo Vazquez | D14: Bono | E14: 1000000 | F14: 4113137
B15: IZAGUIRRE BARRAIL INVERSORA S.A.E.C.A. | C15: - | D15: Bono | E15: 1000000 | F15: 1031068
B16: VISION BANCO S.A.E.C.A. | C16: - | D16: Bono | E16: 1000000 | F16: 1017644
B17: MINISTERIO DE HACIENDA | C17: - | D17: Bono | E17: 1000000 | F17: 31502340000
B18: BANCO ITAU PARAGUAY SA | C18: - | D18: CDA | E18: 1000000000 | F18: 40447493869
B19: BANCO NACIONAL DE FOMENTO | C19: - | D19: CDA | E19: 2000000000 | F19: 30714331020
B20: VISION BANCO S.A.E.C.A. | C20: - | D20: Cupón | E20: 20316412 | F20: 20316412
B21: TERRENOS | C21: - | D21: Titulo | E21: 6496993452 | F21: 6496993452
B22: ELECTROBAN S.A.E.C.A | C22: - | D22: ACCIONES | E22: 500000 | F22: 7511600026
B23: EMSA INMOBILIARIA S.A. | C23: - | D23: BONOS | E23: 1000000 | F23: 50842450
... B33: PYVIS03F3071 | C33: - | D33: REPO | E33: 1000000 | F33: 7589848
B34: SUB TOTAL GS | F34: =SUM(F12:F33) -> 145165877729
B35: ALEMAN PARAGUAYO CANADIENSE S.A. | C35: - | D35: Bono | E35: 1000 | F35: 4042.2
B36: GRUPO VAZQUEZ S.A.E. | C36: Grupo Vazquez | D36: Bono | E36: 1000 | F36: 1558910.9
B37: FRIGORIFICO CONCEPCION S.A. | C37: - | D37: Bono | E37: 1000 | F37: 6098.94
B38: BANCO BASA S.A. | C38: Grupo Cartes | D38: Bono | E38: 1000 | F38: 2020682.9
B39: SUDAMERIS BANK | C39: - | D39: Bono | E39: 1000 | F39: 3005490
B40: FINANCIERA FINEXPAR | C40: - | D40: Bono | E40: 1000 | F40: 71380.56
B41: VISION BANCO S.A.E.C.A. | C41: - | D41: Bono | E41: 1000 | F41: 25138
B42: FINANCIERA FINEXPAR | C42: - | D42: CDA | E42: 25000 | F42: 50049.1
B43: FINANCIERA FINEXPAR | C43: - | D43: CDA | E43: 100000 | F43: 401354.4
B44: BANCO REGIONAL SAECA | C44: - | D44: CDA | E44: 250000 | F44: 1000964.3
B45: SUDAMERIS BANK | C45: - | D45: CDA | E45: 10000 | F45: 9597.74
B46: DEUDA PRIVADA | C46: - | D46: Pagaré | E46: 28852.4 | F46: 28852.4
... B49: PYFIN03F0940 | C49: - | D49: REPO | E49: 1000 | F49: 5641.67
B50: SUB TOTAL USD | F50: =SUM(F35:F49) -> 9627567.4
B51: TIPO DE CAMBIO | F51: 7322.9
B52: SUB TOTAL EN GS | F52: =+F50*F51 -> 7.0501714e+10
B53: 44926 | F53: =+F52+F34 -> 2.1566759e+11
B54: 44561 | F54: 70810880698
B56: Inversiones Permanentes
B57: B.V.A. S.A. | D57: Acciones Ordinarias | E57: 200000000 | F57: 900000000
B58: CAJA DE VALORES DEL PARAGUAY | D58: Acciones Ordinarias | E58: 1000000000 | F58: 4000000000
B59: SUB TOTAL GS | F59: 4900000000
B60: LLC Bridge Search Capital | D60: Acciones | F60: 37500
B61: SUB TOTAL USD | F61: 37500
B62: TIPO DE CAMBIO | F62: 7322.9
B63: SUB TOTAL EN GS | F63: =+F61*F62 -> 274608750
B64: =+B53 -> 44926 | F64: =+F59+F63 -> 5174608750
B65: =+B54 -> 44561 | F65: 2157655375
B68: Acción de de Bolsa de Valores
B70: CANTIDAD | D70: VALOR NOMINAL | E70: VALOR LIBRO DE ACCIÓN | F70: VALOR ÚLTIMO REMATE
B71: 1 | D71: 200000000 | E71: 624350695 | F71: 1002000000
B72: =+B64 -> 44926 | D72: =SUM(D71) -> 200000000 | E72: =SUM(E71) -> 624350695 | F72: =SUM(F71) -> 1002000000
B73: =+B65 -> 44561 | D73: 200000000 | E73: 516375371 | F73: 900000000

Sheet 09
A1: Índice
B2: ANEXO II
B3: CADIEM CASA DE BOLSA S.A.
B4: Cuadro de Bienes de Uso al 31 de diciembre del 2022
B5: (En Guaraníes)
B6: R U B R O | C6: VALORES ORIGINALES | H6: DEPRECIACIONES | M6: NETO RESULTANTE
C7: Valores al inicio | D7: Altas | E7: Bajas | F7: Revalúo del Periódo | G7: Valores al Cierre | H7: Acumuladas al inicio | I7: Altas | J7: Bajas | K7: Depreciación del Periódo | L7: Acumuladas al Cierre
B9: Muebles y Útiles | C9: 585448940 | D9: 28141397 | E9: 0 | F9: 0 | G9: 613590337 | H9: -188815641 | I9: 0 | J9: 0 | K9: 54470818 | L9: -243286459 | M9: 370303878
B10: Equipos de Oficina | C10: 354230724 | D10: 10366363 | E10: 0 | F10: 0 | G10: 364597087 | H10: -122114132 | I10: 0 | J10: 0 | K10: 33315744 | L10: -155429876 | M10: 209167211
B11: Equipos de Informática | C11: 514613954 | D11: 170648973 | E11: 3114305 | F11: 0 | G11: 682148622 | H11: -329720599 | I11: 0 | J11: 0 | K11: 92370708 | L11: -422091307 | M11: 260057315
B12: Instalaciones | C12: 1188239967 | D12: 0 | E12: 0 | F12: 0 | G12: 1188239967 | H12: -417012097 | I12: 0 | J12: 0 | K12: 94200768 | L12: -511212865 | M12: 677027102
B13: Mejoras en Predio Ajeno | C13: 632966446 | D13: 12182953 | E13: 0 | F13: 0 | G13: 645149399 | H13: -521441048 | I13: 0 | J13: 0 | K13: 106651284 | L13: -628092332 | M13: 17057067
B14: Maquinarias y Equipos | C14: 26735570 | D14: 0 | E14: 0 | F14: 0 | G14: 26735570 | H14: -17349559 | K14: 2208468 | L14: -19558027 | M14: 7177543
B15: TOTAL 31/12/2022 | C15: =SUM(C8:C14) -> 3302235601 | D15: =SUM(D8:D14) -> 221339686 | E15: =SUM(E8:E14) -> 3114305 | F15: =SUM(F8:F14) -> 0 | G15: =SUM(G8:G14) -> 3520460982 | H15: =SUM(H8:H14) -> -1596453076 | I15: =SUM(I8:I14) -> 0 | J15: =SUM(J8:J14) -> 0 | ... M15: =SUM(M8:M14) -> 1540790116
B16: TOTAL 31/12/2021 | C16: 3139342808 | D16: 237931290 | E16: 75038497 | F16: 0 | G16: 3302235601 | H16: -1307951376 | I16: 0 | J16: 0 | K16: 288501700 | L16: -1596453076 | M16: 1705782525

Sheet 10
A1: Índice
B2: ANEXO III
B3: CADIEM CASA DE BOLSA S.A.
B4: Cuadro de Intangibles al 31 de diciembre del 2022
B5: (En Guaraníes)
B6: R U B R O | C6: VALORES ORIGINALES | H6: DEPRECIACIONES | M6: NETO RESULTANTE
C7: Valores al inicio | D7: Altas | E7: Bajas | F7: Revalúo del Periódo | G7: Valores al Cierre | H7: Acumuladas al inicio | I7: Altas | J7: Bajas | K7: Depreciación del Periódo | L7: Acumuladas al Cierre
B8: Bienes de uso e intangible
B9: Licencia | C9: 743437575 | D9: 86025618 | E9: 0 | F9: 0 | G9: 829463193 | H9: -332805349 | I9: 0 | J9: 0 | K9: -129872079 | L9: -462677428 | M9: 366785765
B10: TOTAL 31/12/2022 | C10: =SUM(C9) -> 743437575 | D10: =SUM(D9) -> 86025618 | E10: =SUM(E9) -> 0 | F10: =SUM(F9) -> 0 | G10: =SUM(G9) -> 829463193 | H10: =SUM(H9) -> -332805349 | I10: =SUM(I9) -> 0 | J10: =SUM(J9) -> 0 | ... M10: =SUM(M9) -> 366785765
B11: TOTAL 31/12/2021 | C11: 593462108 | D11: 149975467 | E11: 0 | F11: 0 | G11: 743437575 | H11: -142882171 | I11: 0 | J11: 0 | K11: -189923178 | L11: -332805349 | M11: 410632226
